Map: 벨시르 잔재 (공허)

Players

losira

  • Race: Zerg Zerg
  • Spawn Location: 5:00

jjakji - Winner!

  • Race: Terran Terran
  • Spawn Location: 11:00

Event: IEM XI Katowice - World Championship 2017

VOD

https://www.youtube.com/watch?v=bxJa4O_YzkA&t=1041s

Description

Time

  • Played on: Feb. 28, 2017, 5:21 a.m.
  • Length: 9:51

All games in this series

Show
View Real Time Build Order
Export as new Build Order

losira Zerg 

Build Orders: Hatch First, Muta Ling Bane 

Get SALT Encoding   

  12  0:00  Drone  
  13  0:07  Drone  
  14  0:14  Extractor, Drone  
  15  0:21  Overlord  
  15  0:43  Hatchery  
  15  0:46  Drone  
  16  0:50  Drone  
  16  0:54  Drone  
  17  0:57  Drone  
  17  1:00  Extractor  
  17  1:13  Spawning Pool  
  17  1:15  Drone  
  17  1:19  Drone  
  18  1:29  Drone  
  19  1:44  Drone  
  20  1:51  Drone  
  21  1:56  Drone  
  21  2:00  Queen x2  
  26  2:02  Metabolic Boost, Zergling x2  
  26  2:07  Zergling x2  
  28  2:13  Overlord  
  28  2:32  Drone  
  28  2:33  Drone x2  
  28  2:34  Drone  
  28  2:35  Queen  
  33  2:40  Pneumatized Carapace  
  33  2:43  Overlord  
  33  2:46  Drone  
  33  2:50  Drone  
  35  3:02  Drone  
  35  3:04  Drone  
  37  3:06  Drone  
  37  3:08  Drone  
  37  3:09  Drone x4  
  37  3:10  Overlord  
  43  3:17  Overlord  
  43  3:28  Queen  
  43  3:29  Extractor  
  43  3:30  Zergling x2  
  43  3:31  Zergling x2  
  46  3:35  Drone x2  
  46  3:36  Evolution Chamber  
  46  3:39  Drone  
  46  3:40  Drone x2  
  46  3:41  Zergling x2  
  51  3:44  Zergling x2  
  51  3:45  Zergling x4  
  54  3:49  Zergling x2  
  55  4:05  Lair  
  55  4:10  Baneling Nest  
  55  4:13  Queen  
  55  4:14  Extractor  
  55  4:15  Spine Crawler  
  54  4:17  Drone x2  
  54  4:20  Drone x2  
  54  4:22  Hatchery  
  57  4:34  Drone  
  57  4:35  Drone  
  59  4:39  Zerg Ground Armor Level 1  
  59  4:43  Spore Crawler, Overlord  
  58  4:46  Overlord  
  58  4:52  Spore Crawler  
  56  5:00  Queen  
  56  5:01  Baneling x3  
  56  5:03  Drone x2  
  56  5:05  Baneling  
  56  5:06  Baneling x2  
  60  5:09  Baneling x4  
  60  5:10  Zergling x2  
  60  5:11  Zergling x2  
  60  5:13  Zergling x2  
  60  5:14  Zergling x2, Baneling x2  
  62  5:22  Drone x2  
  62  5:23  Overseer  
  62  5:25  Zergling x2  
  62  5:28  Zergling x6  
  66  5:32  Overlord  
  66  5:34  Overlord  
  66  5:36  Overlord  
  66  5:38  Queen  
  66  5:40  Overlord  
  65  5:44  Drone  
  65  5:45  Drone x2  
  65  5:47  Drone  
  65  5:48  Drone  
  70  5:50  Drone  
  70  5:51  Drone  
  70  5:55  Drone  
  70  5:57  Overlord  
  73  5:58  Drone  
  73  5:59  Drone  
  73  6:02  Drone  
  76  6:06  Zergling x2  
  76  6:07  Zergling x2  
  74  6:15  Drone x4  
  77  6:19  Evolution Chamber  
  77  6:23  Drone x2  
  78  6:26  Drone x4  
  78  6:30  Zergling x2  
  83  6:34  Centrifical Hooks, Extractor  
  83  6:35  Drone x2  
  83  6:36  Zerg Melee Weapons Level 1  
  83  6:39  Spire, Drone x2  
  85  6:40  Extractor  
  85  6:41  Drone  
  85  6:42  Drone  
  85  6:44  Overlord  
  85  6:46  Zergling x2  
  87  6:47  Zergling x2  
  87  6:49  Zergling x2  
  87  6:51  Zergling x2  
  87  6:52  Drone  
  87  6:53  Baneling  
  87  6:54  Baneling x5  
  91  6:55  Extractor  
  91  6:59  Drone  
  91  7:01  Zerg Ground Armor Level 2  
  91  7:04  Zergling x2  
  91  7:05  Zergling x2  
  91  7:06  Zergling x2  
  91  7:11  Zergling x2  
  91  7:12  Zergling x2  
  91  7:13  Zergling x2  
  91  7:15  Zergling x2  
  92  7:16  Zergling x4  
  92  7:17  Zergling x2  
  92  7:18  Zergling x2  
  92  7:19  Zergling x4  
  89  7:25  Zergling x2  
  89  7:26  Zergling x2  
  89  7:27  Drone x2  
  89  7:28  Zergling x2  
  85  7:30  Zergling x2  
  85  7:34  Queen  
  85  7:36  Queen  
  85  7:38  Drone  
  85  7:40  Drone  
  85  7:41  Drone  
  84  7:46  Drone x3  
  87  7:56  Drone x3  
  86  8:00  Overlord  
  86  8:01  Baneling x5  
  86  8:02  Baneling  
  86  8:03  Drone x3  
  88  8:09  Overlord  
  88  8:10  Queen  
  90  8:19  Mutalisk x5  
  90  8:25  Drone x2  
  102  8:29  Mutalisk  
  101  8:36  Zergling x10  
  106  8:43  Overlord  
  106  8:44  Zergling x2  
  106  8:48  Overlord  
  107  8:49  Overlord  
  107  8:51  Overlord  
  107  8:53  Overlord  
  107  8:54  Overlord  
  105  8:58  Zergling x2  
  105  9:00  Overlord  
  100  9:03  Baneling x6  
  100  9:06  Zergling x4  
  100  9:09  Mutalisk  
  100  9:10  Mutalisk x2  
  100  9:14  Mutalisk  
  100  9:19  Zergling x4  
  100  9:22  Drone  
  100  9:23  Drone  
  98  9:33  Zergling x2  
Show
View Real Time Build Order
Export as new Build Order

jjakji Terran - Winner!

Build Orders: Reaper Expand, Hellion Banshee, MMM Bio 

Get SALT Encoding   

  12  0:00  SCV  
  13  0:12  SCV  
  14  0:17  Supply Depot  
  14  0:24  SCV  
  14  0:27  Refinery  
  15  0:38  SCV  
  16  0:44  Barracks  
  16  0:50  SCV  
  17  1:02  SCV  
  18  1:15  SCV  
  19  1:31  Reaper, Orbital Command  
  20  1:41  Command Center  
  20  1:53  Factory  
  20  1:57  SCV  
  21  2:05  Barracks Reactor  
  21  2:06  Supply Depot  
  21  2:09  SCV  
  21  2:14  Refinery  
  22  2:21  SCV  
  23  2:33  SCV  
  24  2:43  Starport  
  24  2:46  SCV  
  24  2:48  Hellion x2  
  24  2:51  Barracks Tech Lab  
  29  2:53  Orbital Command  
  29  2:58  SCV  
  30  3:09  Hellion x2  
  34  3:20  SCV x2  
  34  3:22  Marine  
  37  3:27  Cloaking Field  
  37  3:28  Viking  
  37  3:32  SCV x2  
  41  3:35  Supply Depot  
  41  3:39  Hellion  
  43  3:43  Hellion  
  43  3:46  Barracks Tech Lab  
  43  3:47  SCV  
  46  3:57  SCV  
  46  3:58  Supply Depot  
  46  3:59  SCV  
  46  4:02  Banshee  
  51  4:10  Marine  
  51  4:11  Stimpack  
  51  4:16  SCV x2  
  54  4:24  Command Center  
  54  4:28  SCV x2  
  54  4:30  Hellion  
  60  4:31  Hellion  
  60  4:40  SCV x2  
  62  4:46  Supply Depot  
  62  4:56  Marine, Barracks  
  62  4:58  Barracks  
  62  5:00  Factory Reactor  
  62  5:07  Supply Depot  
  62  5:08  SCV x2, Engineering Bay, Banshee  
  62  5:10  Engineering Bay  
  67  5:20  Marine, SCV x2  
  68  5:29  Barracks  
  68  5:30  Refinery  
  68  5:31  Barracks  
  68  5:32  SCV  
  67  5:38  Marine  
  67  5:40  SCV  
  69  5:44  Marine x2, SCV  
  69  5:49  Terran Infantry Armor Level 1  
  72  5:51  Factory Reactor  
  72  5:52  Terran Infantry Weapons Level 1  
  72  5:53  Refinery  
  72  5:55  Marine  
  73  6:02  Marine x2  
  75  6:08  SCV  
  75  6:10  Starport Reactor  
  63  6:13  Marine  
  63  6:14  SCV  
  64  6:20  Marine  
  64  6:23  Combat Shields  
  65  6:26  SCV x2  
  65  6:32  Marine x3  
  72  6:41  Orbital Command  
  72  6:44  SCV x2  
  72  6:45  Marine  
  75  6:47  Barracks Reactor  
  75  6:48  Barracks Reactor  
  73  6:55  Medivac x2  
  73  6:57  SCV x2  
  79  7:03  Marine x4  
  79  7:05  Marine  
  81  7:20  Marine  
  81  7:21  Marine x3, SCV x2  
  82  7:23  Marine  
  82  7:26  Widow Mine x2  
  82  7:28  Medivac x2  
  82  7:29  Marine x4  
  81  7:32  SCV  
  81  7:33  SCV  
  81  7:38  Marine  
  81  7:39  Marine x3, Armory  
  81  7:44  Marine  
  85  7:47  Marine x4  
  85  7:49  SCV x2  
  92  7:56  Widow Mine  
  91  7:58  Medivac  
  91  8:02  Marine  
  93  8:07  Orbital Command  
  93  8:10  Supply Depot  
  93  8:11  Supply Depot  
  93  8:12  Supply Depot  
  93  8:31  Marine x4, Widow Mine  
  93  8:32  Marine x5, SCV x2  
  106  8:34  Widow Mine  
  108  8:44  SCV x2  
  110  8:49  Marine x4  
  110  8:50  Marine x5  
  113  9:00  Widow Mine  
  77  9:02  Medivac x2  
  113  9:07  Marine  
  117  9:15  Marine  
  117  9:18  Marine  
  117  9:19  Supply Depot x2  
  117  9:20  Marine x3, Widow Mine  
  117  9:21  Marine x2  
  117  9:23  Marine  
  116  9:25  Marine  
  113  9:33  Marine  

Tags
 
Add a new tag
Caveats
  • Supply blocks, unpowered buildings, or Contaminate may cause inaccurate times.
  • Supply counts are checked every 10 seconds.